AoeStats
← Goku_San

Arabia

509638531Analyzed
3v3 RM · 6d ago on Sep 27, 2026· 64m 51s· 6 players
Game mode
Random Map
Map size
Normal (6 player)
Population
200
Speed
Normal
Resources
Standard
Victory
Conquest
Starting age
Dark Age
Ending age
Imperial Age
RankedLock teamsTeams togetherTeam positionsShared explorationLock speedFull tech treeHidden civsTurbo modeCheats
Victory
Defeat
🇮🇱 Mongols · Israel
1267
+13
🇺🇸 Italians · United States
1206
+16
🇨🇳 Goths · China
1109
+20
🇨🇭 Huns · Switzerland
1217
-17
🇨🇭 Franks · Switzerland
1215
-17
🇨🇭 Khmer · Switzerland
1159
-21
Goku_San
5:41 Loom
8:18 Feudal Age
9:19 Double-Bit Axe
14:50 Scale Barding Armor
15:47 Forging
18:22 Bloodlines
23:17 Castle Age
23:44 Light Cavalry
24:25 Husbandry
26:07 Chain Barding Armor
31:24 Wheelbarrow
32:12 Horse Collar
32:47 Bow Saw
36:36 Iron Casting
37:57 Hand Cart
37:51 Gold Mining
37:52 Stone Mining
38:05 Heavy Plow
37:52 Town Watch
41:30 Stone Shaft Mining
41:31 Gold Shaft Mining
42:46 Fletching
42:57 Padded Archer Armor
43:38 Town Patrol
46:18 Imperial Age
44:44 Bodkin Arrow
45:04 Leather Archer Armor
46:09 Crossbowman
46:57 Thumb Ring
47:45 Conscription
47:56 Bracer
48:26 Parthian Tactics
48:00 Elite Mangudai
51:25 Ballistics
52:12 Chemistry
57:21 Siege Engineers
58:39 Hussar
60:22 Blast Furnace
rower56
1:18 Loom
13:44 Feudal Age
15:17 Bloodlines
15:50 Scale Barding Armor
15:56 Forging
15:32 Horse Collar
25:32 Castle Age
26:40 Light Cavalry
27:20 Husbandry
30:24 Heavy Plow
30:11 Double-Bit Axe
31:49 Bow Saw
32:01 Fervor
32:59 Fletching
33:37 Squires
33:57 Pikeman
33:57 Pikeman
50:02 Wheelbarrow
54:04 Imperial Age
54:34 Anarchy
54:53 Perfusion
55:13 Conscription
54:35 Halberdier
57:26 Hand Cart
57:49 Scale Mail Armor
59:33 Chain Mail Armor
60:02 Iron Casting
59:59 Elite Huskarl
63:44 Two-Man Saw
65:36 Guilds
sbr
0:28 Loom
9:24 Feudal Age
10:59 Double-Bit Axe
11:06 Gold Mining
15:31 Fletching
16:50 Padded Archer Armor
17:39 Horse Collar
24:29 Castle Age
22:58 Bloodlines
24:22 Wheelbarrow
24:01 Stone Mining
25:31 Bow Saw
25:51 Crossbowman
27:26 Bodkin Arrow
30:08 Thumb Ring
34:39 Light Cavalry
36:43 Hand Cart
38:39 Forging
38:35 Scale Barding Armor
38:48 Leather Archer Armor
38:42 Scale Barding Armor
38:57 Town Watch
42:52 Imperial Age
43:59 Bracer
44:44 Conscription
47:09 Husbandry
48:12 Ring Archer Armor
48:05 Hussar
49:07 Chain Barding Armor
50:15 Chemistry
49:36 Ballistics
48:59 Treadmill Crane
49:30 Masonry
51:35 Two-Man Saw
51:15 Forging
54:50 Iron Casting
54:51 Plate Barding Armor
54:39 Elite Genoese Crossbowman
63:42 Silk Road
Glagediglagg
9:23 Feudal Age
7:39 Loom
13:53 Wheelbarrow
15:03 Forging
17:11 Scale Barding Armor
18:01 Double-Bit Axe
22:24 Castle Age
21:15 Gold Mining
24:46 Husbandry
26:33 Bow Saw
27:43 Hand Cart
30:28 Light Cavalry
32:05 Iron Casting
34:23 Chain Barding Armor
44:04 Imperial Age
44:42 Cavalier
48:14 Paladin
52:03 Plate Barding Armor
52:29 Blast Furnace
59:09 Chivalry
pascal.rotzinger
6:49 Loom
9:23 Feudal Age
10:56 Double-Bit Axe
16:20 Scale Barding Armor
16:25 Fletching
20:43 Bloodlines
23:17 Castle Age
22:04 Bloodlines
22:15 Forging
24:58 Chain Barding Armor
25:14 Iron Casting
24:34 Bodkin Arrow
27:33 Husbandry
29:09 Elite Skirmisher
30:55 Padded Archer Armor
35:03 Horse Collar
36:17 Wheelbarrow
39:48 Imperial Age
42:02 Chemistry
42:50 Leather Archer Armor
42:39 Scale Mail Armor
Anemone689082
6:11 Loom
9:00 Feudal Age
12:17 Double-Bit Axe
12:13 Horse Collar
15:37 Fletching
22:42 Gold Mining
25:27 Castle Age
24:25 Padded Archer Armor
26:01 Wheelbarrow
25:32 Crossbowman
27:03 Thumb Ring
29:48 Ballistics
30:05 Hand Cart
30:23 Bodkin Arrow
34:30 Gold Shaft Mining
34:59 Leather Archer Armor
37:35 Husbandry
38:46 Bloodlines
43:32 Imperial Age
43:23 Stone Mining
43:36 Heavy Cavalry Archer
44:42 Parthian Tactics
46:13 Chemistry
47:50 Light Cavalry
49:02 Bracer
49:08 Elite Skirmisher
49:55 Town Watch
58:50 Capped Ram
60:06 Scale Barding Armor
59:24 Hussar
61:38 Chain Barding Armor
61:29 Forging
Connection lost

Rejoining the realm…

Still unreachable

The connection could not be restored.

Session expired

The server has moved on; the page needs a fresh start.